 Dungeon Crawl Stone Soup version 0.24-a0-528-g98e85ec62a (webtiles) character file.

Game seed: 1614670636335343329

10912 Gynju the Basher (level 11, -2/95 HPs)
             Began as a Minotaur Fighter on Aug 5, 2019.
             Was a Priest of the Shining One.
             Slain by an eight-headed hydra (3 damage)
             ... on level 2 of the Lair of Beasts.
             The game lasted 00:12:04 (8109 turns).

Gynju the Basher (Minotaur Fighter)                 Turns: 8109, Time: 00:12:05

Health: -2/95      AC: 13    Str: 24    XL:     11   Next: 42%
Magic:  9/12       EV: 10    Int:  5    God:    the Shining One [***...]
Gold:   562        SH: 19    Dex:  6    Spells: 10/10 levels left

rFire    + . .     SeeInvis +   B - +0 flail (crush)
rCold    x . .     Gourm    .   c - +0 shield
rNeg     + + .     Faith    .   h - +3 scale mail of Sin {rN+ Regen+ Dex-4}
rPois    +         Spirit   .   a - +0 hat {SInv}
rElec    .         Reflect  .   (no cloak)
rCorr    .         Harm     .   w - +1 pair of gloves
MR       .....                  (no boots)
Stlth    ..........             I - amulet of the acrobat
HPRegen  0.65/turn              K - ring of fire
MPRegen  0.13/turn              n - ring of poison resistance

@: lethally poisoned (-2 -> -2), divine shield, glowing
A: retaliatory headbutt, horns 2
a: Divine Shield, Renounce Religion


You were on level 2 of the Lair of Beasts.
You worshipped the Shining One.
The Shining One was most pleased with you.
You were near starving.

You visited 2 branches of the dungeon, and saw 10 of its levels.

You collected 562 gold pieces.

Inventory:

Hand Weapons
 b - a +0 hunting sling
 B - a +0 flail of crushing (weapon)
Missiles
 g - 74 sling bullets
Armour
 a - a +0 hat of see invisible (worn)
 c - a +0 shield (worn)
 h - the +3 scale mail of Sin (worn) {rN+ Regen+ Dex-4}
   (You found it on level 4 of the Dungeon)

   It affects your dexterity (-4).
   It protects you from negative energy.
   It increases your rate of regeneration.
 w - a +1 pair of gloves (worn)
Jewellery
 n - a ring of poison resistance (right hand)
 I - an amulet of the acrobat (around neck)
 K - a ring of fire (left hand)
Wands
 C - a wand of scattershot (5)
 E - a wand of disintegration (11)
 J - a wand of acid (5)
Scrolls
 k - 2 scrolls of identify
 m - a scroll of blinking
 o - 6 scrolls of teleportation
 r - 3 scrolls of amnesia
 s - 5 scrolls of remove curse
 t - a scroll of enchant armour
 v - a scroll of fear
Potions
 j - a potion of lignification
 p - 2 potions of haste
 q - a potion of berserk rage {unknown}
 x - a potion of magic {unknown}
 z - 2 potions of heal wounds {unknown}
 A - 2 potions of flight
 F - a potion of brilliance {unknown}
 G - 3 potions of curing {unknown}
Miscellaneous
 e - a lightning rod (4/4)
Comestibles
 f - 33 rations


   Skills:
 * Level 8.6 Fighting
 - Level 14.0 Maces & Flails
 * Level 8.6 Armour
 * Level 7.0 Dodging
 * Level 8.6 Shields
 + Level 3.9 Invocations


You had 10 spell levels left.
You didn't know any spells.
Your spell library contained the following spells:

 Spells                   Type           Power        Failure   Level  Hunger
 Freeze                   Ice            #...         95%         1    ##.....
 Poisonous Vapours        Pois/Air       #.....       98%         2    ###....
 Throw Frost              Conj/Ice       #.....       98%         2    ###....
 Conjure Flame            Conj/Fire      #.......     100%        3    ####...
 Mephitic Cloud           Conj/Pois/Air  #.......     100%        3    ####...
 Ozocubu's Armour         Chrm/Ice       #.......     100%        3    ####...
 Summon Ice Beast         Ice/Summ       #.......     100%        4    #####..
 Throw Icicle             Conj/Ice       #.......     100%        4    #####..
 Freezing Cloud           Conj/Ice/Air   #.........   100%        6    #######
 Ring of Flames           Chrm/Fire      #.........   100%        7    #######


Dungeon Overview and Level Annotations

Branches:
Dungeon (8/15)             Temple (0/1) D:4            Lair (2/6) D:8
  Swamp: Lair:2-4    Shoals: Lair:2-4     Snake: Lair:2-4    Spider: Lair:2-4

Altars:
Fedhas
Makhleb
Nemelex Xobeh
Okawaru
Sif Muna
Uskayaw
Vehumet
Yredelemnul
The Shining One

Shops:
D:5 (**

Annotations:
Lair:2 exclusion: oklob plant


Innate Abilities, Weirdness & Mutations

You reflexively headbutt those who attack you in melee.
You have a pair of horns on your head.


Message History

The eight-headed hydra misses you.
The eight-headed hydra barely misses you.
The eight-headed hydra bites you but does no damage.
The eight-headed hydra bites you!
* * * LOW HITPOINT WARNING * * *
You block the eight-headed hydra's attack. x2
You sock the eight-headed hydra!
The eight-headed hydra is heavily wounded.
The merfolk siren chants its luring song.
Your magical effects are unravelling.
You feel magically purged.
You break out of your daze.
You feel sick. The eight-headed hydra bites you!
* * * LOW HITPOINT WARNING * * *
You block the eight-headed hydra's attack.
The eight-headed hydra barely misses you.
The eight-headed hydra bites you but does no damage.
You block the eight-headed hydra's attack. x2
The eight-headed hydra bites you.
You die...

#... ..... ##... ......#
####.... .......####
##.#^#...
[....m.P..########........
..........................
........m.................
..........................
........D@................
..........................
......)..........(........
#######.####..##.#.#.##P.P
### ########### ###


You could see an eight-headed hydra, a merfolk and a merfolk siren.

Vanquished Creatures
  Gastronok (Lair:1)
  Harold (Lair:1)
  Erica (Lair:2)
  Nergalle (Lair:1)
  A black mamba (Lair:2)
  Psyche (D:8)
  4 spiny frogs
  A komodo dragon (Lair:2)
  2 hippogriffs
  3 yaks (Lair:1)
  A water moccasin (D:8)
  3 porcupines (D:8)
  An orc warrior (D:8)
  2 black bears
  A sky beast (D:5)
  3 ice beasts
  7 wolves
  2 phantoms (D:6)
  7 ogres
  4 crocodiles
  6 bullfrogs
  A wyvern skeleton (D:7)
  A scorpion (D:6)
  5 killer bees (D:8)
  3 wights (D:8)
  2 crimson imps
  2 centaur zombies (D:5)
  4 hounds
  A bullfrog skeleton (D:5)
  2 jellies
  8 orc wizards
  2 iguanas (D:7)
  Natasha (thrice) (D:4)
  4 worker ants
  A worker ant zombie (D:5)
  13 adders
  6 gnolls
  A shadow imp (D:7)
  2 adder zombies
  An adder skeleton (D:8)
  5 leopard geckos
  16 orcs
  6 giant cockroaches
  13 hobgoblins
  7 jackals
  8 kobolds
  2 quokkas
  A ball python (D:1)
  8 bats
  5 frilled lizards
  5 goblins
  2 quokka skeletons
  6 rats
  A spectral orc (D:6)
  A fungus (Lair:1)
201 creatures vanquished.

Vanquished Creatures (others)
  4 fungi (D:8)
  5 plants (D:8)
9 creatures vanquished.

Grand Total: 210 creatures vanquished

Notes
Turn   | Place    | Note
-------+----------+-------------------------------------------
     0 | D:1      | Gynju the Minotaur Fighter began the quest for the Orb.
     0 | D:1      | Reached XP level 1. HP: 19/19 MP: 0/0
   115 | D:1      | Reached skill level 3 in Maces & Flails
   267 | D:1      | Reached XP level 2. HP: 26/26 MP: 1/1
   848 | D:2      | Reached skill level 4 in Maces & Flails
   921 | D:2      | Found a hide-covered altar of Uskayaw.
   980 | D:2      | Reached XP level 3. HP: 28/31 MP: 2/2
  1175 | D:2      | Found a deep blue altar of Sif Muna.
  1396 | D:3      | Found a glowing golden altar of the Shining One.
  1437 | D:3      | Became a worshipper of the Shining One
  1621 | D:3      | Reached skill level 5 in Maces & Flails
  1855 | D:3      | Reached XP level 4. HP: 20/39 MP: 3/3
  2116 | D:3      | Found a burning altar of Makhleb.
  2329 | D:3      | Reached skill level 6 in Maces & Flails
  2472 | D:3      | You fall into a shaft and drop 3 floors!
  2474 | D:6      | Noticed a sky beast
  2479 | D:5      | Entered Level 5 of the Dungeon
  2483 | D:5      | Killed a sky beast
  2483 | D:5      | Reached skill level 7 in Maces & Flails
  2483 | D:5      | Reached XP level 5. HP: 38/45 MP: 4/4
  2848 | D:4      | Reached XP level 6. HP: 48/51 MP: 5/5
  2877 | D:4      | Noticed an ice beast
  2878 | D:4      | Reached skill level 8 in Maces & Flails
  2883 | D:4      | Killed an ice beast
  3369 | D:4      | Reached skill level 9 in Maces & Flails
  3438 | D:4      | Got a slimy scale mail
  3439 | D:4      | Identified the +3 scale mail of Sin {rN+ Regen+ Dex-4} (You
                  | found it on level 4 of the Dungeon)
  3510 | D:4      | Found a staircase to the Ecumenical Temple.
  3531 | D:4      | Noticed Natasha
  3531 | D:4      | Reached * piety under the Shining One
  3536 | D:4      | Killed Natasha
  3644 | D:4      | Found a radiant altar of Vehumet.
  3731 | D:4      | Noticed Natasha
  3738 | D:4      | Killed Natasha
  3738 | D:4      | Reached XP level 7. HP: 57/57 MP: 6/6
  3794 | D:4      | Noticed Natasha
  3802 | D:4      | Killed Natasha
  3841 | D:5      | Found Loamul's Assorted Antiques.
  3880 | D:5      | Found Vuoh's General Store.
  3901 | D:5      | Reached skill level 10 in Maces & Flails
  3927 | D:5      | Found Wimidgh's Weapon Boutique.
  4220 | D:5      | Found a sparkling altar of Nemelex Xobeh.
  4511 | D:6      | Found an iron altar of Okawaru.
  4554 | D:6      | Reached skill level 11 in Maces & Flails
  4571 | D:6      | Reached XP level 8. HP: 59/64 MP: 7/7
  4588 | D:6      | Reached ** piety under the Shining One
  4634 | D:6      | Reached skill level 12 in Maces & Flails
  4903 | D:6      | Found a basalt altar of Yredelemnul.
  5041 | D:7      | Noticed a hippogriff
  5051 | D:7      | Killed a hippogriff
  5051 | D:7      | Reached skill level 13 in Maces & Flails
  5251 | D:7      | Reached XP level 9. HP: 70/70 MP: 8/8
  5370 | D:7      | Reached skill level 14 in Maces & Flails
  5622 | D:8      | Reached skill level 1 in Dodging
  5777 | D:8      | Found a blossoming altar of Fedhas.
  5784 | D:8      | Noticed Psyche
  5883 | D:8      | Killed Psyche
  5923 | D:8      | Reached skill level 5 in Armour
  5972 | D:8      | Reached skill level 5 in Fighting
  5972 | D:8      | Reached skill level 5 in Shields
  6195 | D:8      | Reached skill level 1 in Invocations
  6339 | D:8      | Reached XP level 10. HP: 83/83 MP: 10/10
  6345 | D:8      | Found a staircase to the Lair.
  6697 | D:8      | Reached *** piety under the Shining One
  6863 | Lair:1   | Entered Level 1 of the Lair of Beasts
  6922 | Lair:1   | Noticed Nergalle
  6929 | Lair:1   | Noticed Harold
  6934 | Lair:1   | Killed Nergalle
  6943 | Lair:1   | Killed Harold
  6943 | Lair:1   | Reached skill level 5 in Dodging
  6948 | Lair:1   | Noticed Gastronok
  6962 | Lair:1   | Killed Gastronok
  6962 | Lair:1   | Reached XP level 11. HP: 42/94 MP: 12/12
  8043 | Lair:2   | Noticed an oklob plant
  8082 | Lair:2   | Noticed Erica
  8091 | Lair:2   | Noticed an eight-headed hydra
  8092 | Lair:2   | Killed Erica
  8109 | Lair:2   | HP: 1/95 [eight-headed hydra (8)]
  8109 | Lair:2   | Slain by an eight-headed hydra

Levels and vault maps discovered:
D:1:      evilmike_arrival_hilbert_curve, layout_loops_ring
D:2:      layout_rooms, lemuel_blue_sif_altar, eat_drink_and_be_merry_uskayaw,
          uniq_crazy_yiuf_cottage
D:3:      minmay_bubble_buster, layout_basic, lemuel_coloured_pillars_altar,
          lemuel_crystal_altar, first_ration
D:4:      layout_loops_cross, kennysheep_little_box, minmay_temple_entry_grid,
          uniq_natasha
D:5:      minmay_inner_zag, layout_rooms, kennysheep_mini, serial_shops,
          shop_statue, shop, nicolae_shop_trees
D:6:      layout_cave_pools, yredelemnul_forgotten_temple_becter,
          lemuel_altar_in_water
D:7:      layout_basic
D:8:      layout_loops_corners, fedhas_altar_1, minmay_lair_entry_grove,
          grunt_ogre_cave, uniq_psyche
Lair:1:   layout_cave_pods, uniq_nergalle, uniq_gastronok, uniq_harold
Lair:2:   layout_big_grid, elwin_shoals_entry_stream,
          ebering_ghost_funeral_grove, grunt_megastairs_1, serial_bayou_shore_b,
          lemuel_fruit_tree, minmay_lair_oklob_chamber, uniq_erica

Skill      XL: |  1  2  3  4  5  6  7  8  9 10 11 |
---------------+----------------------------------+-----
Maces & Flails | 3 4 5 7 9 11 13 14 | 14.0
Dodging        | 3 6 7 |  7.0
Fighting       | 5 7 8 |  8.6
Armour         | 5 7 8 |  8.6
Shields        | 5 7 8 |  8.6
Invocations    | 1 3 |  3.9

Action                   |  1- 3 |  4- 6 |  7- 9 | 10-12 || total
-------------------------+-------+-------+-------+-------++-------
Melee: Flail             |   110 |   114 |   281 |   162 ||   667
       Headbutt          |     8 |    14 |    33 |    29 ||    84
Invok: Divine Shield     |       |       |     1 |     2 ||     3
  Use: Scroll            |       |     7 |       |     9 ||    16
       Potion            |       |       |       |     3 ||     3
  Eat: Chunk             |     3 |     6 |     9 |     4 ||    22
Armor: Scale mail        |    41 |    26 |   113 |    44 ||   224
Dodge: Dodged            |    36 |    26 |    73 |    49 ||   184
Block: Shield            |    55 |    60 |   130 |    76 ||   321

Table legend:
 A = Non-vault XP
 B = Vault XP
 C = Vault XP percentage of total XP
 D = Non-vault monster count
 E = Vault monster count
 F = Vault count percentage of total count
                 A         B        C        D         E       F
            +---------+---------+-------+---------+---------+-------
      Total |    8656 |    6933 |  44.5 |     161 |      39 |  19.5
            +---------+---------+-------+---------+---------+-------
        D:1 |      25 |       0 |   0.0 |      16 |       0 |   0.0
        D:2 |      33 |       0 |   0.0 |      11 |       0 |   0.0
        D:3 |      75 |      54 |  41.9 |      26 |      15 |  36.6
        D:4 |     397 |      36 |   8.3 |      14 |       1 |   6.7
        D:5 |     508 |     129 |  20.3 |      16 |       5 |  23.8
        D:6 |     788 |       1 |   0.1 |      14 |       1 |   6.7
        D:7 |    1164 |     159 |  12.0 |      17 |       2 |  10.5
        D:8 |    1656 |    1652 |  49.9 |      30 |      11 |  26.8
     Lair:1 |    2229 |    3973 |  64.1 |      12 |       3 |  20.0
     Lair:2 |    1781 |     929 |  34.3 |       5 |       1 |  16.7
            +---------+---------+-------+---------+---------+-------
